 Dungeon Crawl Stone Soup version 0.23-a0-819-g6debee6 (console) character file.

14 Duffy the Sneak (level 2, -6/22 HPs)
             Began as a Naga Fire Elementalist on Jan 22, 2019.
             Mangled by a goblin
             ... wielding a +0 long sword
              (7 damage)
             ... on level 2 of the Dungeon.
             The game lasted 00:00:23 (486 turns).

Duffy the Sneak (Naga Fire Elementalist)             Turns: 486, Time: 00:00:24

Health: -6/22      AC:  1    Str: 10    XL:     2   Next: 41%
Magic:  0/5        EV: 10    Int: 15    God:
Gold:   24         SH:  0    Dex: 11    Spells: 4/5 levels left

rFire    . . .     SeeInvis +   c - ration
rCold    . . .     Gourm    .   (no shield)
rNeg     . . .     Faith    .   a - +0 robe
rPois    +         Spirit   .   (no helmet)
rElec    .         Reflect  .   (no cloak)
rCorr    .         Harm     .   (no gloves)
MR       .....                  (no barding)
Stlth    ++........             (no amulet)
HPRegen  0.07/turn              (no ring)
MPRegen  0.09/turn              (no ring)

@: short of breath, very slightly contaminated, very slow
A: large, see invisible, deformed body, poison resistance, slowness 2, slow
metabolism 1, spit poison 1, AC +0
a: Spit Poison


You were on level 2 of the Dungeon.
You were not hungry.

You visited 1 branch of the dungeon, and saw 2 of its levels.

You collected 24 gold pieces.

Inventory:

Armour
 a - a +0 robe (worn)
Scrolls
 b - 3 scrolls of remove curse {unknown}
Comestibles
 c - a ration (in hand)
 d - 2 chunks of flesh


   Skills:
 - Level 1.5 Dodging
 - Level 3.0 Stealth
 - Level 2.0 Spellcasting
 + Level 2.3 Conjurations
 - Level 3.0 Fire Magic


You had 4 spell levels left.
You knew the following spells:

 Your Spells              Type           Power        Failure   Level  Hunger
h - Flame Tongue          Conj/Fire      #....        8%          1    #......

Your spell library contained the following spells:

 Spells                   Type           Power        Failure   Level  Hunger
 Throw Flame              Conj/Fire      #.....       11%         2    ###....
 Conjure Flame            Conj/Fire      #.......     22%         3    ###....
 Inner Flame              Hex/Fire       #.......     34%         3    ###....
 Sticky Flame             Conj/Fire      #.......     58%         4    #####..
 Fireball                 Conj/Fire      #.........   90%         5    ######.


Dungeon Overview and Level Annotations

Branches:
Dungeon (2/15)

Altars:


Innate Abilities, Weirdness & Mutations

You cannot wear boots.
Your serpentine skin is tough. (AC +0)
You have supernaturally acute eyesight. (SInv)
Armour fits poorly on your strangely shaped body.
Your system is resistant to poisons. (rPois)
You cover ground very slowly.
You have a slow metabolism.
You can spit poison.


Message History

Confirm with . or Enter, or press ? or * to list all spells.
Aiming: Flame Tongue (safe; 8% risk of failure)
Press: ? - help, Shift-Dir - straight line, f - leopard gecko
Aim: a leopard gecko (clinging)
The flame tongue hits the leopard gecko!
You kill the leopard gecko!
Casting: Flame Tongue (safe; 8% risk of failure)
Confirm with . or Enter, or press ? or * to list all spells.
You don't have enough magic to cast that spell.
You see here a bat corpse.
Press: ? - help, Shift-Dir - straight line, f - ooze
Aim: an ooze The splash of poison hits the ooze but does no damage.
You feel slightly more hungry. The ooze closely misses you.
A rat and a goblin come into view.
The ooze hits you.
A dart slug comes into view.
The goblin shouts!
The goblin hits you with a +0 long sword!
You die...

## #.# #..... #####
.....# # ####.#
......#.#w.##. # .....#
......#.#.... #.#
.##### ........#..#
.... .#
......#.#..#..#.# <#
....r..?J.g.....# .#
######.#@###.### .# ###
#%#.......#
.########.##
#.#..##.#!###
.#.........#
#%#..##.#...
...######.##
#.......#0.# #### #.#
###..####..#
#.#######..####).##
#.................#...
##############.........


You could see an ooze, a dart slug, a goblin and a rat.

Vanquished Creatures
  A dart slug (D:2)
  2 leopard geckos
  A bat (D:2)
  3 hobgoblins
  A ball python (D:1)
  A frilled lizard (D:2)
9 creatures vanquished.

Notes
Turn   | Place    | Note
-------+----------+-------------------------------------------
     0 | D:1      | Duffy the Naga Fire Elementalist began the quest for the
                  | Orb.
     0 | D:1      | Reached XP level 1. HP: 15/15 MP: 3/3
   378 | D:2      | Reached XP level 2. HP: 22/22 MP: 1/5
   484 | D:2      | HP: 1/22 [ooze (4)]
   486 | D:2      | Mangled by a goblin

Vault maps used:
D:1:      eino_arrival_tree_alley, kennysheep_crisscross
D:2:      first_ration

Skill      XL: |  1 |
---------------+----+-----
Conjurations   | 2 |  2.3
Dodging        | |  1.5
Stealth        | |  3.0
Spellcasting   | |  2.0
Fire Magic     | |  3.0

Action                   || total
-------------------------++-------
 Cast: Flame Tongue      ||    13
 Abil: Spit Poison       ||     4
Armor: Robe              ||     1
Dodge: Dodged            ||    13

Table legend:
 A = Non-vault XP
 B = Vault XP
 C = Vault XP percentage of total XP
 D = Non-vault monster count
 E = Vault monster count
 F = Vault count percentage of total count
                 A         B        C        D         E       F
            +---------+---------+-------+---------+---------+-------
      Total |      20 |       0 |   0.0 |       9 |       0 |   0.0
            +---------+---------+-------+---------+---------+-------
        D:1 |       8 |       0 |   0.0 |       4 |       0 |   0.0
        D:2 |      12 |       0 |   0.0 |       5 |       0 |   0.0
            +---------+---------+-------+---------+---------+-------
